 Dungeon Crawl Stone Soup version 0.17.0-23-g0de4337 (console) character file.

130 gw the Distorting Dwarf (level 4, -3/42 HPs)
             Began as a Deep Dwarf Abyssal Knight on Nov 15, 2015.
             Was a Believer of Lugonu.
             Slain by Marvili's ghost (4 damage)
             ... on level 3 of the Dungeon.
             The game lasted 00:01:46 (1758 turns).

gw the Distorting Dwarf (Deep Dwarf Abyssal Knight) Turns: 1758, Time: 00:01:46

Health: -3/42      AC:  7    Str: 16    XL:     4   Next: 90%
Magic:  6/6        EV:  9    Int: 12    God:    Lugonu [**....]
Gold:   105        SH:  0    Dex: 13    Spells: 0 memorised, 3 levels left

rFire  . . .     SeeInvis .     a - +1 mace
rCold  . . .     Clarity  .     e - +0 scale mail
rNeg   . . .     SustAt   .     (no shield)
rPois  .         Gourm    .     (no helmet)
rElec  .         Spirit   .     (no cloak)
rCorr  .         Warding  .     h - +0 pair of gloves
rMut   .         Stasis   .     (no boots)
MR     .....                    (no amulet)
Stlth  ..........               (no ring)
                                (no ring)

@: non-regenerating, not resistant to hostile enchantments, extremely unstealthy
A: damage resistance, recharge devices, sense surroundings 1, slow regeneration
3
a: Device Recharging, Depart the Abyss, Bend Space, Renounce Religion


You were on level 3 of the Dungeon.
You worshipped Lugonu.
Lugonu was pleased with you.
You were hungry.

You visited 1 branch of the dungeon, and saw 3 of its levels.
You visited the Abyss 1 time.

You collected 105 gold pieces.

Inventory:

Hand Weapons
 a - a +1 mace (weapon)
Missiles
 n - 15 bolts
Armour
 e - a +0 scale mail (worn)
 h - a +0 pair of gloves (worn)
Wands
 c - a wand of heal wounds (1)
Comestibles
 d - a bread ration
 f - 2 fruits
 g - a royal jelly
 i - a beef jerky
 m - a meat ration


   Skills:
 + Level 3.5 Fighting
 * Level 3.4 Maces & Flails
 + Level 2.9 Armour
 - Level 1.1 Dodging
 + Level 3.6 Invocations


You had 3 spell levels left.
You didn't know any spells.

Dungeon Overview and Level Annotations

Branches:
Dungeon (3/15)

Altars:
Elyvilon

Annotations:
D:3 Marvili's ghost, amateur TrBe


Innate Abilities, Weirdness & Mutations

You are resistant to damage.
You can recharge devices by infusing magical energy.
You passively map a small area around you.
You do not regenerate naturally.


Message History

MOVING TO (-3,2) Marvili's ghost barely misses you.
MOVING TO (-2,1) Marvili's ghost hits you!
MOVING TO (-1,2) MOVING TO (0,1) Trying to move but square is occupied??
Making a random move Marvili's ghost hits you!
Trying to move but square is occupied??
Making a random move Marvili's ghost screams, "You must not succeed where I failed!"
Marvili's ghost hits you.
Trying to move but square is occupied??
Making a random move Marvili's ghost hits you!
Trying to move but square is occupied??
Making a random move Marvili's ghost hits you!
You die...

###.............#
,
......###....<..#
** ,
...........##.###*
, ,
..#.#.##.####.###
* .. #.####...##.#
, #.,
##...........# ##
*##...######.### ,
,,,#. *#.W### .#
####..##.g# ., , ,
#.........# . *
......>.### *,,..
, .......## * , **
......# , , ......
** , ......, , , *
, ..... * * .!...
* , ,*


You could see Marvili's ghost.

Table legend:
 A = Turns spent in this place as a percentage of turns spent in the entire game.
 B = Non-inter-level travel turns spent in this place as a percentage of non-inter-level travel turns spent in the entire game.
 C = Inter-level travel turns spent in this place as a percentage of turns spent in this place.
 D = Turns resting spent in this place as a percentage of non-inter-level travel turns spent in this place.
 E = Turns spent auto-exploring this place as a percentage of non-inter-level travel turns spent in this place.
 F = Non-inter-level travel turns spent in this place divided by the number of levels of this place that you've seen.
                   A       B       C       D       E      F
               +-------+-------+-------+-------+-------+----------------------
         Total | 100.0 | 100.0 |   0.2 |   0.0 |   2.2 | 936.2
       Dungeon |  98.9 |  98.9 |   0.2 |   0.0 |   2.1 | 1235.0
         Abyss |   1.1 |   1.1 |   0.0 |   0.0 |   7.5 |  40.0
               +-------+-------+-------+-------+-------+----------------------

Table legend:
 A = Kills in this place as a percentage of kills in entire the game.
 B = Kills by you in this place as a percentage of kills by you in the entire game.
 C = Kills by friends in this place as a percentage of kills by friends in the entire game.
 D = Other kills in this place as a percentage of other kills in the entire game.
 E = Experience gained in this place as a percentage of experience gained in the entire game.
 F = Experience gained in this place divided by the number of levels of this place that you have seen.
                   A       B       C       D       E      F
               +-------+-------+-------+-------+-------+----------------------
         Total | 100.0 | 100.0 |  -nan |  -nan | 100.0 |  46.8
       Dungeon | 100.0 | 100.0 |  -nan |  -nan | 100.0 |  62.3
               +-------+-------+-------+-------+-------+----------------------

Vanquished Creatures
  Terence (D:2)
  3 adders (D:2)
  3 gnolls (D:2)
  An ooze (D:2)
  A worm (D:2)
  7 bats
  4 hobgoblins
  4 jackals
  2 ball pythons
  4 giant cockroaches
  6 giant newts
  4 goblins (D:1)
  6 kobolds
  7 rats
53 creatures vanquished.

Notes
Turn   | Place    | Note
--------------------------------------------------------------
     0 | Abyss:1  | gw the Deep Dwarf Abyssal Knight began the quest for the Orb.
     0 | Abyss:1  | Reached XP level 1. HP: 20/20 MP: 2/2
   154 | Abyss:1  | Found a corrupted altar of Lugonu.
   164 | Abyss:1  | Noticed a large abomination
   165 | D:1      | Escaped the Abyss
   229 | D:1      | Reached * piety under Lugonu
   262 | D:1      | Reached XP level 2. HP: 18/27 MP: 3/3
   398 | D:1      | Reached skill level 3 in Fighting
   914 | D:2      | Noticed Terence
   955 | D:2      | Killed Terence
   955 | D:2      | Reached XP level 3. HP: 29/34 MP: 5/5
  1229 | D:2      | Reached XP level 4. HP: 33/42 MP: 6/6
  1286 | D:2      | Found a faded altar to an unknown god.
  1351 | D:2      | Reached ** piety under Lugonu
  1452 | D:2      | Found a white marble altar of Elyvilon.
  1690 | D:3      | Noticed Marvili's ghost (amateur TrBe)
  1757 | D:3      | HP: 1/42 [Marvili's ghost (11)]
  1758 | D:3      | Slain by Marvili's ghost

Action                   |  1- 3 |  4- 6 || total
-------------------------+-------+-------++-------
Melee: Mace              |   125 |    69 ||   194
Invok: Depart the Abyss  |     1 |       ||     1
       Bend Space        |       |     2 ||     2
Evoke: Wand              |     1 |     3 ||     4
  Use: Scroll            |     3 |       ||     3
       Potion            |     1 |       ||     1
  Eat: Chunk             |     2 |     1 ||     3

Vault maps used:
D:1:      dpeg_arrival_orchard
D:2:      ecumenical_altar_1, elyvilon_altar_1, uniq_terence
